 Dungeon Sprint DCSS version 0.27-a0-695-gb4952372f7 (webtiles) character file.

Game seed: 12499303954353124151

116 mhtbhm the Chopper (level 5, -1/47 HPs)
             Began as a Human Berserker on Mar 22, 2021.
             Was a Priest of Trog.
             Slain by an iguana (7 damage)
             ... in the Dungeon (Sprint VII: "The Pits").
             The game lasted 00:00:33 (438 turns).

mhtbhm the Chopper (Human Berserker)                 Turns: 438, Time: 00:00:34

Health: -1/47      AC:  6    Str: 18    XL:     5   Next: 20%
Magic:  5/5        EV: 11    Int:  8    God:    Trog [***...]
Gold:   0          SH:  0    Dex: 12    Spells: 4/4 levels left

rFire    . . .     SeeInvis .   a - +2 hand axe
rCold    . . .     Faith    .   (no shield)
rNeg     . . .     Spirit   .   b - +0 scale mail
rPois    .         Reflect  .   (no helmet)
rElec    .         Harm     .   (no cloak)
rCorr    .         Rampage  .   (no gloves)
Will     .....     NoTele   +   (no boots)
Stlth    ..........             (no amulet)
HPRegen  0.15/turn              (no ring)
MPRegen  0.09/turn              (no ring)

@: no status effects
A: no striking features
a: Renounce Religion, Berserk, Trog's Hand


You were in the Dungeon.
You worshipped Trog.
Trog was most pleased with you.
You visited 1 branch

Inventory:

Hand Weapons
 a - a +2 hand axe (weapon)
Armour
 b - a +0 scale mail (worn)
Scrolls
 h - a scroll of blinking
 j - a scroll of summoning
Potions
 c - a potion of curing
 d - a potion of heal wounds
 e - a potion of haste
 f - 4 potions of magic
 g - 3 potions of berserk rage
 i - 2 potions of invisibility


   Skills:
 + Level 6.4 Fighting
 + Level 6.4 Axes
 + Level 3.6 Armour
 + Level 4.0 Dodging


You had 4 spell levels left.
You didn't know any spells.
Your spell library was empty.

Dungeon Overview and Level Annotations

Branches:
Dungeon (1/1)

Altars:
Cheibriados
Dithmenos
Elyvilon
Fedhas
Gozag
Hepliaklqana
Makhleb
Nemelex Xobeh
Okawaru
Qazlal
Ru
Sif Muna
Trog
Vehumet
Wu Jian
Xom
Yredelemnul
Zin
The Shining One
Beogh
Jiyva
Lugonu


Message History

The kobold hits you but does no damage. The iguana closely misses you.
Unknown command.
You hit the floating eye.
The floating eye is almost dead.
You closely miss the kobold. You barely miss the iguana.
The kobold hits you but does no damage. The iguana closely misses you.
Unknown command.
You hit the floating eye.
You kill the floating eye!
Trog accepts your kill.
You closely miss the kobold. You hit the iguana but do no damage.
The kobold closely misses you.
The iguana bites you but does no damage.
Your Fighting skill gained 2 levels and is now at level 6!
Your Axes skill gained 2 levels and is now at level 6!
Your Armour skill increases to level 3!
Your Dodging skill gained 2 levels and is now at level 4!
You have reached level 3!
Your experience leads to an increase in your attributes!
Increase (S)trength, (I)ntelligence, or (D)exterity?
Uppercase letters only, please.
You feel stronger.
You have reached level 4!
You feel clever.
You have reached level 5!
You barely miss the iguana. You miss the kobold.
The kobold hits you but does no damage. The iguana closely misses you.
Unknown command.
You hit the iguana but do no damage. You closely miss the kobold.
The kobold misses you. The iguana bites you!
* * * LOW HITPOINT WARNING * * *
You hit the iguana but do no damage. You hit the kobold.
You kill the kobold!
Trog accepts your kill. The iguana barely misses you.
Unknown command.
You barely miss the iguana. The iguana bites you.
* * * LOW HITPOINT WARNING * * *
You hit the iguana but do no damage. The iguana bites you!
You die...

#.)(.')))'.##......#..
##########.##.........
#...........'.........
#+#####[#####......#..
#..#...'.##.........
#..#...#.#####'#####
#..#####.##.......#
#..'...#.##.......#
#..@...†.##.......#
#.l########...<...#
#.. #.......# #..
#.......# ###
#.......# #########


You could see an iguana.

Vanquished Creatures
  A floating eye (D)
  An ooze (D)
  An adder zombie (D)
  A leopard gecko (D)
  An orc (D)
  A ball python skeleton (D)
  A kobold (D)
  A rat (D)
8 creatures vanquished.

Notes
Turn   | Place    | Note
-------+----------+-------------------------------------------
     0 | D        | mhtbhm the Human Berserker began the quest for the Orb.
     0 | D        | Reached XP level 1. HP: 18/18 MP: 1/1
    40 | D        | Found a bloodstained altar of Trog.
    40 | D        | Found a shimmering blue altar of Sif Muna.
    40 | D        | Found a viscous altar of Jiyva.
    40 | D        | Found a hazy altar of Hepliaklqana.
    40 | D        | Found an opulent altar of Gozag.
    41 | D        | Found a glowing golden altar of the Shining One.
    41 | D        | Found a glowing silver altar of Zin.
    41 | D        | Found a basalt altar of Yredelemnul.
    41 | D        | Found a shimmering altar of Xom.
    41 | D        | Found an ornate altar of the Wu Jian Council.
    41 | D        | Found a sacrificial altar of Ru.
    41 | D        | Found a stormy altar of Qazlal.
    41 | D        | Found an iron altar of Okawaru.
    41 | D        | Found a sparkling altar of Nemelex Xobeh.
    41 | D        | Found a burning altar of Makhleb.
    41 | D        | Found a blossoming altar of Fedhas.
    41 | D        | Found a white marble altar of Elyvilon.
    41 | D        | Found a shadowy altar of Dithmenos.
    41 | D        | Found a snail-covered altar of Cheibriados.
    44 | D        | Found a corrupted altar of Lugonu.
    44 | D        | Found a radiant altar of Vehumet.
   124 | D        | Reached ** piety under Trog
   125 | D        | Reached XP level 2. HP: 11/25 MP: 2/2
   425 | D        | Noticed a floating eye
   426 | D        | Paralysed by a floating eye for 2 turns
   433 | D        | Killed a floating eye
   433 | D        | Reached *** piety under Trog
   434 | D        | Reached XP level 3. HP: 13/35 MP: 3/3
   434 | D        | Reached XP level 4. HP: 15/41 MP: 4/4
   434 | D        | Reached XP level 5. HP: 18/47 MP: 5/5
   438 | D        | Slain by an iguana

Illustrated notes

Levels and vault maps discovered:
D:        pitsprint [storerooms_1, entrance_room_1, metal_vault_4, armoury_1,
          mini_pit_1, grid_room_1, main_hall_1, silver_pit, the_coven_1,
          the_vestibule_1, steel_vault_5, golden_pit, hallway_of_sentries,
          crystal_vault_4, iron_vault_3, final_vault]

Skill      XL: |  1  2 |
---------------+-------+-----
Fighting       | 6 |  6.4
Axes           | 6 |  6.4
Armour         | 3 |  3.6
Dodging        | 4 |  4.0

Action                   |  1- 3 |  4- 6 || total
-------------------------+-------+-------++-------
Melee: Hand axe          |    24 |     5 ||    29
Armor: Animal skin       |     1 |       ||     1
       Scale mail        |     5 |     1 ||     6
Dodge: Dodged            |    13 |     3 ||    16

Table legend: (Time is in decaauts)
 A = Elapsed time spent in this place.
 B = Non-inter-level travel time spent in this place.
 C = Inter-level travel time spent in this place.
 D = Time resting spent in this place.
 E = Time spent auto-exploring this place.
 F = Levels seen in this place.
 G = Mean time per level.
                   A        B        C        D        E       F      G
               +--------+--------+--------+--------+--------+-----+--------+
         Total |    440 |    440 |      0 |    314 |      0 |   1 |  440.0 |
       Dungeon |    440 |    440 |      0 |    314 |      0 |   1 |  440.0 |
               +--------+--------+--------+--------+--------+-----+--------+

Top non-repeatable levels by time:
       D: 440 daAuts
